 Dungeon Crawl Stone Soup version 0.32-a0-391-gce5c0aab1b (webtiles) character file.

Game seed: 4056409547968844085

105 BigDaddyOpFi the Ruffian (level 4, -1/63 HPs)
             Began as a Troll Shapeshifter on Feb 19, 2024.
             Slain by Crazy Yiuf
             ... wielding a +4 quarterstaff of chaos
              (11 damage)
             ... on level 2 of the Dungeon.
             The game lasted 00:01:44 (1645 turns).

BigDaddyOpFi the Ruffian (Troll Shapeshifter)       Turns: 1645, Time: 00:01:45

Health: -1/63      AC: 26    Str: 22    XL:     4   Next: 53%
Magic:  0/3        EV:  1    Int:  6    God:
Gold:   107        SH:  0    Dex: 11    Spells: 3/3 levels left

rFire   . .          .
                       - Unarmed
rCold   . . .        (no shield)
rNeg    . . .        a - melded +0 animal skin
rPois   +            (helmet currently unavailable)
rElec   .            (cloak currently unavailable)
rCorr   .            (gloves unavailable)
SInv    .            (boots unavailable)
Will    .....        f - amulet of faith
Stlth   +            n - +4 ring of protection
HPRegen 1.10/turn    (no ring)
MPRegen 0.08/turn

%: faith
@: tree-form, weakened
A: stationary, stasis, torment immunity, boosted hp, large, unfitting armour,
(claws 3), regeneration 1, (shaggy fur 1), (tough skin 1)
a: no special abilities


You were on level 2 of the Dungeon.
You were a tree.
You visited 1 branch of the dungeon, and saw 2 of its levels.

You collected 107 gold pieces.

Inventory:

Armour
 a - a +0 animal skin (melded)
Jewellery
 f - an amulet of faith (around neck)
 n - a +4 ring of protection (left branch)
Talismans
 c - a beast talisman (active)
 d - a flux talisman
Potions
 g - 2 potions of brilliance {unknown}
 i - 2 potions of ambrosia
 j - a potion of curing {unknown}
 k - a potion of degeneration {unknown}
 m - 2 potions of heal wounds {unknown}


   Skills:
 + Level 1.8 Fighting
 + Level 2.3 Dodging
 + Level 3.7 Unarmed Combat
 + Level 3.6 Shapeshifting


You had 3 spell levels left.
You didn't know any spells.
Your spell library contained the following spells:

 Spells                   Type           Power      Damage    Failure   Level
 Static Discharge         Conj/Air       0%         3-3/arc   58%         2
 Airstrike                Air            0%         2d(0-16)  99%         4
 Summon Lightning Spire   Summ/Air       0%         N/A       99%         4


Dungeon Overview and Level Annotations

Branches:
Dungeon (2/15)

Altars:

Shops:
D:1 [

Annotations:
D:2 Crazy Yiuf


Innate Abilities, Weirdness & Mutations

You are a tree.
Your roots penetrate the ground, keeping you stationary.
You cannot be teleported.
You are immune to unholy pain and torment.
Your maximum health is greatly increased.
Your equipment is partially melded.
You are too large for most types of armour.
((You have claws for hands.))
Your natural rate of healing is unusually fast.
((You are covered in fur. (AC +1)))
((You have tough skin. (AC +1)))


Message History

You bump into the runed translucent door.
You're too confused to move!
You bump into the runed translucent door.
Crazy Yiuf says, "Citrus!
Trifle childish alas."
You're too confused to move!
You bump into the runed translucent door.
You bump into the tree.
Crazy Yiuf screams, "Iron poople toodlewoodle!"
You bump into the runed translucent door.
You feel less invigorated.
You feel less confused.
Crazy Yiuf screams, "Cod!"
You open the door.
You scratch Crazy Yiuf but do no damage.
Crazy Yiuf cries, "Pitchfork!"
Crazy Yiuf hits you with a +4 quarterstaff of chaos!
You feel your attacks grow feeble.
You claw Crazy Yiuf!
Crazy Yiuf is heavily wounded.
Crazy Yiuf hits you with a +4 quarterstaff of chaos.
Crazy Yiuf burns you.
You claw Crazy Yiuf!
Crazy Yiuf is almost dead.
Crazy Yiuf barely misses you.
You barely miss Crazy Yiuf.
Crazy Yiuf is almost dead.
Crazy Yiuf hits you with a +4 quarterstaff of chaos!
You feel your power leaking away.
You closely miss Crazy Yiuf.
Crazy Yiuf is almost dead.
Crazy Yiuf hits you with a +4 quarterstaff of chaos!
* * * LOW HITPOINT WARNING * * *
Crazy Yiuf burns you.
* * * LOW HITPOINT WARNING * * *
Your transformation has ended.
You turn into a tree.
Your +0 animal skin melds into your body.
Your roots penetrate the ground.
Crazy Yiuf hits you with a +4 quarterstaff of chaos!
You die...

.....#
#.......#.#.....# #.
+#####
###.....#.#.#.### #.
.# #.#.###.....######.
.# ##### #####........
.# #.####### .#
#........ .# ### ###
♣♣##..#####. ## #.#
#)..#♣♣ ♣♣..#..#####>
#.#
#...g♣♣♣♣♣......##....
#.#
#...#♣..♣......###.###
#.# ### ♣♣♣.♣...#.#
#.# #.# ♣♣♣♣♣##.# #.#
#.# #.###.# #.##
#####.#...# ## ##.#
#........### .## #.#
###.##.......# ..# #.#
#...##.......#


You could see Crazy Yiuf.

Vanquished Creatures
  3 adders (D:2)
  A dart slug (D:2)
  2 ribbon worms (D:2)
  6 bats
  2 endoplasms
  A giant cockroach (D:2)
  2 goblins
  5 hobgoblins
  4 jackals (D:1)
  2 quokkas
  A ball python (D:1)
  3 frilled lizards (D:1)
  6 kobolds
  3 rats
41 creatures vanquished.

Notes
Turn   | Place    | Note
-------+----------+-------------------------------------------
     0 | D:1      | BigDaddyOpFi the Troll Shapeshifter began the quest for the
                  | Orb.
     0 | D:1      | Reached XP level 1. HP: 18/18 MP: 0/0
    70 | D:1      | Reached skill level 1 in Fighting
    93 | D:1      | Reached XP level 2. HP: 27/27 MP: 1/1
   308 | D:1      | Found Gedghuem's Antique Armour Boutique.
   365 | D:1      | Reached XP level 3. HP: 33/33 MP: 2/2
  1020 | D:2      | Reached XP level 4. HP: 41/41 MP: 3/3
  1486 | D:2      | Found a runed translucent door.
  1487 | D:2      | Noticed Crazy Yiuf
  1645 | D:2      | Slain by Crazy Yiuf

Illustrated notes

Levels and vault maps discovered:
D:1:      scummos_arrival_simple_crosswalls, layout_loops_ring, serial_shops,
          nicolae_shop_hallway_plus
D:2:      minmay_chambers_of_ones, layout_basic, uniq_crazy_yiuf_cottage

Skill      XL: |  1  2 |
---------------+-------+-----
Fighting       | 1 |  1.8
Dodging        | 2 |  2.3
Unarmed Combat | |  3.7
Shapeshifting  | |  3.6

Action                     |  1- 3 |  4- 6 || total
---------------------------+-------+-------++-------
  Melee: Unarmed           |    73 |    27 ||   100
         Punch             |     3 |       ||     3
    Use: Scroll            |     4 |       ||     4
         Potion            |       |     2 ||     2
   Stab: Sleeping          |     3 |     1 ||     4
 Armour: Animal skin       |    52 |    18 ||    70
         Skin              |       |     1 ||     1
  Dodge: Dodged            |    46 |    12 ||    58

Table legend: (Time is in decaauts)
 A = Elapsed time spent in this place.
 B = Non-inter-level travel time spent in this place.
 C = Inter-level travel time spent in this place.
 D = Time resting spent in this place.
 E = Time spent auto-exploring this place.
 F = Levels seen in this place.
 G = Mean time per level.
                   A        B        C        D        E       F      G
               +--------+--------+--------+--------+--------+-----+--------+
         Total |   1638 |   1633 |      5 |    200 |   1183 |   2 |  819.0 |
       Dungeon |   1638 |   1633 |      5 |    200 |   1183 |   2 |  819.0 |
               +--------+--------+--------+--------+--------+-----+--------+

Top non-repeatable levels by time:
     D:2: 1040 daAuts
     D:1: 598 daAuts
